 Dungeon Crawl Stone Soup version 0.29-a0-559-g359e09b9d1 (webtiles) character file.

Game seed: 9130632007877913552

25 cheechan the Stinger (level 3, -2/21 HPs)
             Began as an Octopode Venom Mage on June 9, 2022.
             Engulfed by a cloud of poison gas (6 damage)
             ... on level 2 of the Dungeon.
             The game lasted 00:04:32 (1110 turns).

cheechan the Stinger (Octopode Venom Mage)          Turns: 1110, Time: 00:04:33

Health: -2/21      AC:  1    Str:  7    XL:     3   Next: 6%
Magic:  0/6        EV: 13    Int: 17    God:
Gold:   77         SH:  0    Dex: 14    Spells: 1/6 levels left

rFire   . . .      SeeInvis .   d - +0 whip
rCold   . . .      Faith    .   (no shield)
rNeg    . . .      Spirit   .   (helmet restricted)
rPois   .          Reflect  .   (no amulet)
rElec   .          Harm     .   (no ring)
rCorr   .          Rampage  .   (no ring)
Will    .....                   (no ring)
Stlth   +++.......              (no ring)
HPRegen 0.07/turn               (no ring)
MPRegen 0.10/turn               (no ring)
                                (no ring)
                                (no ring)

@: lethally poisoned (-2 -> -35), attractive
A: almost no armour, amphibious, 8 rings, camouflage 1, gelatinous body 1,
(nimble swimmer 1), tentacles
a: no special abilities


You were on level 2 of the Dungeon.
You visited 1 branch of the dungeon, and saw 2 of its levels.

You collected 77 gold pieces.

Inventory:

Hand Weapons
 d - a +0 whip (weapon)
 j - a +0 dagger
Missiles
 b - 43 stones
 h - 5 poisoned darts
Scrolls
 c - a scroll of teleportation {unknown}
 e - 3 scrolls of poison
 g - a scroll of vulnerability {unknown}
 i - a scroll of identify {unknown}
 l - a scroll of magic mapping {unknown}
Potions
 a - a potion of magic
 f - a potion of curing {unknown}


   Skills:
 + Level 0.2 Staves
 + Level 2.2 Dodging
 + Level 2.8 Stealth
 - Level 1.0 Unarmed Combat
 * Level 2.3 Spellcasting
 + Level 1.0 Transmutations
 + Level 3.9 Poison Magic


You had one spell level left.
You knew the following spells:

 Your Spells              Type           Power      Damage    Failure   Level
a - Sting                 Tmut/Pois      40%        1d5       7%          1
b - Foxfire               Conj/Fire      8%         2x1d4     19%         1
c - Poisonous Vapours     Pois/Air       16%        N/A       12%         2
d - Shock                 Conj/Air       8%         1d3       19%         1

Your spell library contained the following spells:

 Spells                   Type           Power      Damage    Failure   Level
 Mephitic Cloud           Conj/Pois/Air  6%         N/A       32%         3
 Olgreb's Toxic Radiance  Pois           15%        N/A       36%         4
 Conjure Flame            Conj/Fire      2%         6-21      50%         3
 Inner Flame              Hex/Fire       2%         N/A       50%         3
 Summon Guardian Golem    Hex/Summ       2%         N/A       50%         3
 Swiftness                Air            2%         N/A       50%         3
 Airstrike                Air            1%         N/A       88%         4
 Flame Wave               Conj/Fire      2%         2d4       88%         4
 Leda's Liquefaction      Hex/Erth       1%         N/A       88%         4
 Statue Form              Tmut/Erth      2%         N/A       100%        6
 Orb of Destruction       Conj           1%         9d5       100%        7
 Spellforged Servitor     Conj/Summ      1%         N/A       100%        7


Dungeon Overview and Level Annotations

Branches:
Dungeon (2/15)

Altars:


Innate Abilities, Weirdness & Mutations

You cannot wear most types of armour.
You are amphibious.
You can wear up to eight rings at the same time.
Your skin changes colour to match your surroundings (Stealth+).
Your rubbery body absorbs attacks. (AC +1, EV +1)
((You are camouflaged when in or above water. (Stealth+)))
You have tentacles for arms and can constrict up to eight enemies at once.


Message History

Confirm with . or Enter, or press ? or * to list all spells.
Aiming: Poisonous Vapours (safe; 12% risk of failure)
Press: ? - help, Dir - move target, f - frilled lizard
Aim: a frilled lizard (wandering, hasn't noticed you) Poisonous vapours surround the frilled lizard!
The frilled lizard is poisoned.
The frilled lizard hisses angrily.
The gnoll shouts!
Casting: Poisonous Vapours (safe; 12% risk of failure)
Confirm with . or Enter, or press ? or * to list all spells.
Aiming: Sting (safe; 7% risk of failure)
Press: ? - help, Shift-Dir - straight line, f/p - frilled lizard
Aim: a frilled lizard (poisoned, 53% to hit)
The sting hits the gnoll.
The gnoll is poisoned.
The gnoll is moderately wounded.
You kill the frilled lizard!
The gnoll barely misses you.
Casting: Sting (safe; 7% risk of failure)
Confirm with . or Enter, or press ? or * to list all spells.
Aiming: Sting (safe; 7% risk of failure)
Press: ? - help, Shift-Dir - straight line, f - gnoll
Aim: a gnoll, wielding a +0 flail (75% to hit)
The sting misses the gnoll. x2
Unknown command.
The gnoll attacks as you move away! The gnoll closely misses you.
The gnoll attacks as you move away! The gnoll misses you.
The gnoll attacks as you move away! The gnoll hits you with a +0 flail!
The gnoll looks more healthy.
The air fills with toxic fumes!
As you read the scroll labelled ENAELY TAOSS, it crumbles to dust.
It was a scroll of poison.
The gnoll misses you.
Really wriggle into that cloud of poison gas?
You are engulfed in poison gas.
You are lethally poisoned!
* * * LOW HITPOINT WARNING * * *
You feel very sick.
It was a potion of attraction.
You feel attractive to monsters.
You are engulfed in poison gas.
You are more poisoned.
You die...

#.............
#............. .
#............. ..
##............. ...
#.....<.§...... ...
...###.§§§....#. ..#..
.#####§§#####.#
#.....#######§§§§§§§....#
#....gg§.gg@§§§§§§.....
#...########§§§§§§.....
....# #.§§§§§...#. #.#
#..§§§§...# . #...§§§...#
#....§§...# #.....§...#
###########


You could see 4 gnolls.

Vanquished Creatures
  2 dart slugs
  A ball python (D:1)
  A bat (D:1)
  An endoplasm (D:1)
  A giant cockroach (D:1)
  2 goblins (D:1)
  3 hobgoblins (D:1)
  A kobold (D:1)
  A quokka (D:2)
  5 frilled lizards
  2 rats (D:1)
20 creatures vanquished.

Notes
Turn   | Place    | Note
-------+----------+-------------------------------------------
     0 | D:1      | cheechan the Octopode Venom Mage began the quest for the
                  | Orb.
     0 | D:1      | Reached XP level 1. HP: 11/11 MP: 3/3
   121 | D:1      | Learned a level 1 spell: Foxfire
   248 | D:1      | Reached XP level 2. HP: 17/17 MP: 0/5
   278 | D:1      | Learned a level 2 spell: Poisonous Vapours
   314 | D:1      | Got Wug Juna's Grimoire of the Earthen Arsonist
   396 | D:1      | Reached skill level 1 in Unarmed Combat
   893 | D:1      | Learned a level 1 spell: Shock
  1064 | D:2      | Reached XP level 3. HP: 21/21 MP: 3/6
  1110 | D:2      | Engulfed by a cloud of poison gas

Illustrated notes

Levels and vault maps discovered:
D:1:      matt_arrival_grand_opening, layout_basic, minivault_26,
          hangedman_decor_push, corexii_leaking_fountain
D:2:      layout_rooms, basic_altar

Skill      XL: |  1  2 |
---------------+-------+-----
Unarmed Combat | 1 |  1.0
Staves         | |  0.2
Dodging        | |  2.2
Stealth        | |  2.8
Spellcasting   | |  2.3
Transmutations | |  1.0
Poison Magic   | |  3.9

Action                   || total
-------------------------++-------
Melee: Unarmed           ||     5
       Tentacles         ||     3
       Constrict         ||     4
       Dagger            ||     8
       Whip              ||     3
 Cast: Sting             ||    25
       Poisonous Vapours ||     1
  Use: Scroll            ||     1
       Potion            ||     1
 Stab: Sleeping          ||     2
Armor: Skin              ||     1
Dodge: Dodged            ||    15

Table legend: (Time is in decaauts)
 A = Elapsed time spent in this place.
 B = Non-inter-level travel time spent in this place.
 C = Inter-level travel time spent in this place.
 D = Time resting spent in this place.
 E = Time spent auto-exploring this place.
 F = Levels seen in this place.
 G = Mean time per level.
                   A        B        C        D        E       F      G
               +--------+--------+--------+--------+--------+-----+--------+
         Total |   1108 |   1108 |      0 |     76 |      0 |   2 |  554.0 |
       Dungeon |   1108 |   1108 |      0 |     76 |      0 |   2 |  554.0 |
               +--------+--------+--------+--------+--------+-----+--------+

Top non-repeatable levels by time:
     D:1: 1060 daAuts
     D:2: 48 daAuts
